 Dungeon Crawl Stone Soup version 0.25-a0-1137-g7f6bfe439b (webtiles) character file.

Game seed: 8920990530127928255, levelgen mode: deterministic

228 Esekla the Magician (level 5, -6/28 HPs)
             Began as a Deep Elf Enchanter on May 23, 2020.
             Was an Initiate of Vehumet.
             Killed from afar by an orc wizard (12 damage)
             ... with a magic dart
             ... on level 4 of the Dungeon.
             The game lasted 00:39:49 (6943 turns).

Esekla the Magician (Deep Elf Enchanter)            Turns: 6943, Time: 00:39:50

Health: -6/28      AC:  5    Str:  6    XL:     5   Next: 71%
Magic:  9/14       EV: 15    Int: 20    God:    Vehumet [......]
Gold:   129        SH:  0    Dex: 18    Spells: 7/14 levels left

rFire    . . .     SeeInvis .   a - +1 dagger
rCold    . . .     Gourm    .   (no shield)
rNeg     . . .     Faith    .   b - +0 robe
rPois    .         Spirit   .   (no helmet)
rElec    .         Reflect  .   s - +0 cloak
rCorr    .         Harm     .   g - +1 pair of gloves {Dex+3}
MR       .....                  (no boots)
Stlth    +++.......             (no amulet)
HPRegen  0.09/turn              (no ring)
MPRegen  0.14/turn              (no ring)

@: no status effects
A: no striking features
a: Renounce Religion


You were on level 4 of the Dungeon.
You worshipped Vehumet.
Vehumet was noncommittal.
You were not hungry.

You visited 2 branches of the dungeon, and saw 5 of its levels.

You collected 129 gold pieces.

Inventory:

Hand Weapons
 a - a +1 dagger (weapon)
 e - a +0 spear
 v - a +0 falchion
Missiles
 l - 8 poisoned darts (quivered)
Armour
 b - a +0 robe (worn)
 g - a +1 pair of gloves of dexterity (worn)
 s - a +0 cloak (worn)
Scrolls
 c - a scroll of enchant weapon {unknown}
 f - a scroll of identify
 i - 2 scrolls of remove curse {unknown}
 k - a scroll of immolation {unknown}
 m - a scroll of fear {unknown}
 n - 3 scrolls of amnesia {unknown}
 o - a scroll of magic mapping {unknown}
 p - 3 scrolls of teleportation {unknown}
 q - 2 scrolls of blinking {unknown}
 r - 2 scrolls of enchant armour {unknown}
Potions
 h - a potion of cancellation
 j - 2 potions of haste
 t - a potion of curing
 u - a potion of might
 w - 2 potions of flight
Comestibles
 d - 2 rations


   Skills:
 + Level 3.1 Short Blades
 * Level 0.1(1.7) Long Blades
 + Level 4.1 Dodging
 - Level 3.6 Stealth
 * Level 5.0 Spellcasting
 * Level 1.7 Conjurations
 + Level 4.2 Hexes


You had 7 spell levels left.
You knew the following spells:

 Your Spells              Type           Power        Failure   Level  Hunger
a - Corona                Hex            ###....      1%          1    None
d - Tukima's Dance        Hex            ###.....     6%          3    ##.....
f - Dazzling Flash        Conj/Hex       ###...       10%         3    ##.....

Your spell library contained the following spells:

 Spells                   Type           Power        Failure   Level  Hunger
 Confusing Touch          Hex            ###.....     6%          3    ##.....
 Ensorcelled Hibernation  Hex/Ice        ##....       8%          2    None


Dungeon Overview and Level Annotations

Branches:
Dungeon (4/15)             Temple (1/1) D:4

Altars:
Dithmenos
Elyvilon
Gozag
Hepliaklqana
Nemelex Xobeh
Okawaru
Qazlal
Ru
Sif Muna
Trog
Uskayaw
Vehumet
Wu Jian
Yredelemnul
The Shining One

Annotations:
D:2 1 runed translucent door, Crazy Yiuf


Message History

The orc wizard is heavily wounded.
The orc wizard is no longer blind.
Throwing (i - inventory)
l - 9 poisoned darts (quivered)
Press: ? - help, Shift-Dir - straight line, f/p - orc wizard
Aim: an orc wizard, wielding a +0 dagger and wearing a +0 robe (severely wounded, fast, poisoned)
You throw a poisoned dart.
The poisoned dart completely misses the orc wizard.
The orc wizard gestures at you while chanting.
The puff of flame hits you.
You hit the orc wizard.
The orc wizard is severely wounded.
The orc wizard casts a spell at you. The puff of frost hits you.
* * * LOW HITPOINT WARNING * * *
Casting: Dazzling Flash (quite dangerous; 10% risk of failure)
Confirm with . or Enter, or press ? or * to list all spells.
The spell is quite dangerous to cast (10% risk of failure)!
Continue anyway?
The orc wizard gestures at you while chanting.
The magic dart hits you!
You die...

..###..##J..........#
..#.......##.[..##.# #.
#....##.#.##....(..###..
#........###...........
........###..........#
........#.>..)..(....#
#.......#...<........###
#.§<.[.....##..(o......#
#§#........##...@.......
§§§#...........(....#...
#§#.#.........##(≈≈≈≈...
§§§§......(..###.P≈≈P...
#§#§#........# ##.≈≈P...
§§§##........## .≈P....
#§###.._......##........
...##.............##....
#...#......<....... .#.


You could see an orc wizard (fast, poisoned).

Vanquished Creatures
  A howler monkey (D:3)
  A hound (D:3)
  A worker ant (D:3)
  5 adders
  An adder skeleton (D:4)
  2 worms
  2 dart slugs
  2 leopard geckos
  8 orcs
  3 giant cockroaches
  5 goblins
  7 hobgoblins
  4 jackals (D:2)
  A quokka (D:3)
  5 ball pythons
  7 bats
  3 frilled lizards (D:2)
  7 kobolds
  A leopard gecko skeleton (D:4)
  7 rats
73 creatures vanquished.

Notes
Turn   | Place    | Note
-------+----------+-------------------------------------------
     0 | D:1      | Esekla the Deep Elf Enchanter began the quest for the Orb.
     0 | D:1      | Reached XP level 1. HP: 10/10 MP: 6/6
   867 | D:2      | Reached XP level 2. HP: 15/15 MP: 5/8
   891 | D:2      | Found a glowing golden altar of the Shining One.
  1065 | D:2      | Reached skill level 4 in Spellcasting
  1369 | D:2      | Reached XP level 3. HP: 19/19 MP: 8/10
  2148 | D:3      | Learned a level 3 spell: Tukima's Dance
  2152 | D:3      | Learned a level 3 spell: Dazzling Flash
  2210 | D:4      | Found a bloodstained altar of Trog.
  2227 | D:4      | Found a shadowy altar of Dithmenos.
  2811 | D:3      | Reached XP level 4. HP: 22/24 MP: 8/12
  3262 | D:4      | Found a staircase to the Ecumenical Temple.
  3271 | Temple   | Entered the Ecumenical Temple
  3552 | Temple   | Became a worshipper of Vehumet
  4566 | D:2      | Found a runed translucent door.
  4567 | D:2      | Noticed Crazy Yiuf
  4751 | D:2      | Reached skill level 1 in Conjurations
  5352 | D:3      | Reached XP level 5. HP: 3/28 MP: 8/14
  6762 | D:3      | Reached skill level 5 in Spellcasting
  6943 | D:4      | Killed from afar by an orc wizard

Illustrated notes

Levels and vault maps discovered:
D:1:      sevenhm_arrival_forest_fort_small_6, layout_basic, serial_rivers,
          chequers_serial_rivers_micro_c, chequers_serial_rivers_small_b,
          chequers_serial_rivers_room_b, chequers_serial_rivers_micro_b,
          chequers_serial_rivers_small_3, minmay_misc_feat_hallway,
          minmay_misc_feat_more_columns, minmay_stone_trees_large
D:2:      layout_basic, nicolae_overflow_crystal_walls, uniq_crazy_yiuf_cottage
D:3:      layout_basic, kennysheep_generic_room_3
D:4:      layout_cave_pools, bloody_trog, grunt_dithmenos_smoke_and_mirrors,
          minmay_temple_entry_statues_fountains, serial_bayou,
          serial_bayou_pond_d, serial_bayou_pond_e, serial_bayou_pond_d,
          serial_bayou_pond_d, first_ration
Temple:   minmay_temple_forest_path

Skill      XL: |  1  2  3  4  5 |
---------------+----------------+-----
Spellcasting   | 4 5 |  5.0
Dodging        | 3 4 |  4.1
Short Blades   | 2 3 |  3.1
Conjurations   | 1 |  1.7
Long Blades    | |  0.1
Stealth        | |  3.6
Hexes          | |  4.2

Action                   |  1- 3 |  4- 6 || total
-------------------------+-------+-------++-------
Melee: Dagger            |   179 |   231 ||   410
Throw: Dart              |    35 |    31 ||    66
 Cast: Corona            |     6 |       ||     6
       Dazzling Flash    |     3 |    20 ||    23
  Use: Scroll            |       |     5 ||     5
 Stab: Sleeping          |     8 |     4 ||    12
       Invisible         |     2 |     3 ||     5
  Eat: Chunk             |     5 |     5 ||    10
       Ration            |       |     3 ||     3
Armor: Robe              |    37 |    25 ||    62
Dodge: Dodged            |   122 |   168 ||   290

Table legend:
 A = Non-vault XP
 B = Vault XP
 C = Vault XP percentage of total XP
 D = Non-vault monster count
 E = Vault monster count
 F = Vault count percentage of total count
                 A         B        C        D         E       F
            +---------+---------+-------+---------+---------+-------
      Total |     325 |       2 |   0.6 |      72 |       1 |   1.4
            +---------+---------+-------+---------+---------+-------
        D:1 |      35 |       0 |   0.0 |      21 |       0 |   0.0
        D:2 |      77 |       0 |   0.0 |      24 |       0 |   0.0
        D:3 |     197 |       2 |   1.0 |      22 |       1 |   4.3
        D:4 |      16 |       0 |   0.0 |       5 |       0 |   0.0
            +---------+---------+-------+---------+---------+-------
